 Dungeon Crawl Stone Soup version 0.21-a0-480-g5da0f0d (webtiles) character file.

536 slep the Slasher (level 7, -17/58 HPs)
             Began as a Minotaur Gladiator on Nov 23, 2017.
             Demolished by a two-headed ogre
             ... wielding a +0 giant club
              (27 damage)
             ... on level 4 of the Dungeon.
             The game lasted 00:10:50 (2796 turns).

slep the Slasher (Minotaur Gladiator)               Turns: 2796, Time: 00:10:51

Health: -17/58     AC:  7    Str: 17      XL:     7   Next: 4%
Magic:  6/6        EV: 11    Int:  5      God:
Gold:   278        SH:  0    Dex: 15 (16) Spells: 6/6 levels left

rFire    . . .     SeeInvis .   a - +0 long sword
rCold    . . .     Gourm    .   (no shield)
rNeg     . . .     Faith    .   e - +0 scale mail
rPois    .         Spirit   .   c - +0 hat
rElec    .         Reflect  .   (no cloak)
rCorr    .         Harm     .   z - +0 pair of gloves
MR       .....     Rnd*Tele +   (no boots)
Stlth    ..........             (no amulet)
HPRegen  0.19/turn              m - +3 ring of dexterity
MPRegen  0.10/turn              (no ring)

@: heavily drained
A: retaliatory headbutt, horns 2, deterioration 1, sense surroundings 2,
teleportitis 1, weak 1
a: no special abilities


You were on level 4 of the Dungeon.
You were not hungry.

You visited 1 branch of the dungeon, and saw 5 of its levels.

You collected 278 gold pieces.

Inventory:

Hand Weapons
 a - a +0 long sword (weapon)
 r - a +1 trident of freezing
 w - the +9 hunting sling of the Eternal Warrior {velocity, MP+9 Int+7, unknown}
   (You found it on level 4 of the Dungeon)

   Any stone fired from it inflicts extra damage.
   It affects your intelligence (+7).
   It affects your magic capacity (+9).
Missiles
 d - 3 throwing nets (quivered)
Armour
 b - a +0 leather armour
 c - a +0 hat (worn)
 e - a +0 scale mail (worn)
 z - a +0 pair of gloves (worn)
Jewellery
 m - a +3 ring of dexterity (left hand)
Wands
 y - a wand of iceblast (13)
Scrolls
 h - 3 scrolls of fear {unknown}
 i - 2 scrolls of remove curse {unknown}
 j - a scroll of enchant weapon {unknown}
 l - a scroll of magic mapping {unknown}
 n - 4 scrolls of identify {unknown}
 q - a scroll of enchant armour {unknown}
 s - a scroll of amnesia {unknown}
 v - a scroll of fog {unknown}
Potions
 g - a potion of cancellation {unknown}
 p - a potion of flight {unknown}
 t - a potion of mutation {unknown}
 u - 3 potions of lignification {unknown}
 x - 3 potions of brilliance {unknown}
Comestibles
 f - 4 bread rations
 k - 2 royal jellies
 o - a meat ration
 A - a chunk of flesh


   Skills:
 + Level 3.7(2.0) Fighting
 + Level 6.7(4.8) Long Blades
 + Level 2.4(0.7) Throwing
 + Level 3.7(2.0) Armour
 + Level 5.0(3.2) Dodging
 + Level 0.7(0.0) Stealth


You had 6 spell levels left.
You didn't know any spells.

Dungeon Overview and Level Annotations

Branches:
Dungeon (5/15)
 Temple: D:4-7

Altars:
Wu Jian

Annotations:
D:4 Edmund


Innate Abilities, Weirdness & Mutations

You reflexively headbutt those who attack you in melee.
You have a pair of horns on your head.
Your body sometimes deteriorates upon taking damage.
You passively map the area around you.
You are occasionally teleported next to monsters.
You are weak. (Str -2)


Message History

There is a stone staircase leading down, spattered with blood here.
You hit Edmund but do no damage. You headbutt Edmund, but do no damage.
Edmund is severely wounded.
Edmund hits you but does no damage.
You feel drained. The two-headed ogre closely misses you.
The two-headed ogre hits you with a giant spiked club!
* * * LOW HITPOINT WARNING * * *
You hit the two-headed ogre but do no damage.
Edmund barely misses you.
You riposte.
You hit Edmund.
Edmund is almost dead.
Edmund barely misses you.
You hit the two-headed ogre.
Your headbutt misses the two-headed ogre.
The two-headed ogre is lightly wounded.
The two-headed ogre barely misses you. The two-headed ogre closely misses you.
Edmund barely misses you. You furiously retaliate!
You headbutt Edmund! You slash the two-headed ogre!
The two-headed ogre is moderately wounded.
The two-headed ogre hits you with a giant club!!
You die...

.....#...#.###.#.#.............<#
.....#...........###.............
.....#.......##### #............#
.....#.......# ### ###.###.#....#
.....#.......# #.#####.###.#.####
.....#.......# #.......##..#.####
.....#.)...).# #.#####.##........
.............###O# #.....##.####
..............Y@@####..##.##.#
.....###..####.###........##.#
.....#...).....# #...)..####.#
.....#.........# #...........#
.....#.........# #......######
.....#..)......# #......######
.....#.........# #...........#
.....#.........# #...........#
.....#.........# ####........#


You could see a two-headed ogre, Edmund and an ice beast.

Vanquished Creatures
  A sky beast (D:4)
  An ogre (D:2)
  A scorpion (D:4)
  4 orc priests
  An iguana (D:4)
  Terence (D:3)
  Robin (D:3)
  2 adders (D:4)
  3 dart slugs
  2 worms (D:2)
  8 leopard geckos
  13 orcs
  4 giant cockroaches
  14 goblins
  4 hobgoblins
  4 jackals (D:3)
  2 quokkas
  9 bats
  A frilled lizard (D:4)
  9 kobolds
  5 rats
90 creatures vanquished.

Notes
Turn   | Place    | Note
-------+----------+-------------------------------------------
     0 | D:1      | slep the Minotaur Gladiator began the quest for the Orb.
     0 | D:1      | Reached XP level 1. HP: 18/18 MP: 0/0
    97 | D:1      | Reached XP level 2. HP: 20/25 MP: 1/1
    98 | D:1      | Reached skill level 4 in Long Blades
   644 | D:1      | Reached XP level 3. HP: 30/30 MP: 2/2
   745 | D:2      | Noticed an ogre
   750 | D:2      | Killed an ogre
   750 | D:2      | Reached XP level 4. HP: 14/38 MP: 3/3
  1035 | D:2      | Reached skill level 5 in Long Blades
  1398 | D:3      | Reached skill level 1 in Armour
  1398 | D:3      | Reached XP level 5. HP: 45/45 MP: 4/4
  1435 | D:3      | Noticed Terence
  1445 | D:3      | Killed Terence
  1513 | D:3      | Noticed Robin
  1531 | D:3      | Killed Robin
  1700 | D:3      | Found an ornate altar of the Wu Jian Council.
  2210 | D:4      | Got a translucent hunting sling
  2213 | D:4      | Reached skill level 6 in Long Blades
  2213 | D:4      | Reached XP level 6. HP: 49/51 MP: 5/5
  2538 | D:5      | Entered Level 5 of the Dungeon
  2538 | D:5      | Noticed a sky beast
  2543 | D:5      | Noticed Edmund
  2560 | D:4      | Killed a sky beast
  2560 | D:4      | Reached skill level 5 in Dodging
  2564 | D:4      | Gained mutation: Your body sometimes deteriorates upon taking damage. [mutagenic meat]
  2566 | D:4      | Gained mutation: You passively map a small area around you. [mutagenic meat]
  2567 | D:4      | Gained mutation: You are occasionally teleported next to monsters. [mutagenic meat]
  2568 | D:4      | Gained mutation: You are weak. (Str -2) [mutagenic meat]
  2569 | D:4      | Gained mutation: You passively map the area around you. [mutagenic meat]
  2782 | D:5      | Noticed an ice beast
  2782 | D:5      | Reached XP level 7. HP: 55/58 MP: 6/6
  2786 | D:5      | Noticed a two-headed ogre
  2796 | D:4      | Demolished by a two-headed ogre

Vault maps used:
D:1:      roderic_dead_forest, nrook_mini_vaults
D:3:      lemuel_round_altar, uniq_robin, uniq_terence
D:4:      first_bread, minmay_surrounded
D:5:      grunt_qazlal_sundering, uniq_edmund

Skill      XL: |  1  2  3  4  5  6 |
---------------+-------------------+-----
Long Blades    | 4 5 6 |  6.7
Dodging        | 4 5 |  5.0
Fighting       | 3 |  3.7
Armour         | 1 2 3 |  3.7
Throwing       | |  2.4
Stealth        | |  0.7

Action                   |  1- 3 |  4- 6 |  7- 9 || total
-------------------------+-------+-------+-------++-------
Melee: Long sword        |    36 |   118 |    12 ||   166
       Headbutt          |     8 |    31 |     5 ||    44
  Eat: Chunk             |       |    12 |       ||    12
Armor: Leather armour    |     4 |       |       ||     4
       Scale mail        |    12 |    57 |    17 ||    86
Dodge: Dodged            |    31 |    95 |    20 ||   146
       Rpst.: Long sword |     5 |    26 |     6 ||    37

Table legend:
 A = Spawn XP
 B = Non-spawn XP
 C = Spawn XP percentage of total XP
 D = Spawn monster count
 E = Non-spawn monster count
 F = Spawn count percentage of total count
 G = Total turns spent on level
                    A         B        C        D         E        F      G
               +---------+---------+-------+---------+---------+-------+---------
         Total |       0 |     766 |   0.0 |       0 |      90 |   0.0 |  2796
               +---------+---------+-------+---------+---------+-------+---------
           D:1 |       0 |      42 |   0.0 |       0 |      24 |   0.0 |   716
           D:2 |       0 |     142 |   0.0 |       0 |      14 |   0.0 |   589
           D:3 |       0 |     145 |   0.0 |       0 |      28 |   0.0 |   760
           D:4 |       0 |     300 |   0.0 |       0 |      17 |   0.0 |   698
           D:5 |       0 |     137 |   0.0 |       0 |       7 |   0.0 |    33
               +---------+---------+-------+---------+---------+-------+---------
